 Dungeon Crawl Stone Soup version 0.23.2-1-ga50397a (webtiles) character file.

Game seed: 13703258903583222620

46 shadizar the Skirmisher (level 3, -2/24 HPs)
             Began as a Gargoyle Fighter on May 5, 2019.
             Killed by nerve-wracking pain
             ... invoked by a shadow imp
             ... summoned by Natasha
              (7 damage)
             ... on level 2 of the Dungeon.
             The game lasted 00:01:09 (691 turns).

shadizar the Skirmisher (Gargoyle Fighter)           Turns: 691, Time: 00:01:10

Health: -2/24      AC: 10    Str: 20    XL:     3   Next: 66%
Magic:  3/3        EV:  7    Int:  8    God:
Gold:   62         SH:  9    Dex:  9    Spells: 2/2 levels left

rFire    . . .     SeeInvis .   a - +0 flail
rCold    . . .     Gourm    .   c - +0 shield
rNeg     + . .     Faith    .   b - +0 scale mail
rPois    ∞         Spirit   .   (no helmet)
rElec    +         Reflect  .   (no cloak)
rCorr    .         Harm     .   (no gloves)
MR       .....                  (no boots)
Stlth    ..........             (no amulet)
HPRegen  0.08/turn              (no ring)
MPRegen  0.08/turn              (no ring)

@: slowed, very slow
A: negative energy resistance 1, electricity resistance, unbreathing,
petrification resistance, rot immunity, AC +3
a: no special abilities


You were on level 2 of the Dungeon.
You were not hungry.

You visited 1 branch of the dungeon, and saw 2 of its levels.

You collected 62 gold pieces.

Inventory:

Hand Weapons
 a - a +0 flail (weapon)
Armour
 b - a +0 scale mail (worn)
 c - a +0 shield (worn)
 h - a +1 buckler of protection
 o - a cursed +0 pair of gloves
Jewellery
 g - an uncursed ring of stealth {unknown}
Scrolls
 i - a scroll of teleportation {unknown}
 k - a scroll of amnesia {unknown}
 n - a scroll of remove curse {unknown}
Potions
 d - a potion of might
 e - a potion of curing {unknown}
 j - a potion of heal wounds {unknown}
 l - a potion of mutation {unknown}
Comestibles
 f - a ration
 m - 3 chunks of flesh


   Skills:
 * Level 3.9 Fighting
 + Level 2.3 Maces & Flails
 + Level 3.6 Armour
 + Level 0.9 Dodging
 + Level 3.6 Shields


You had 2 spell levels left.
You didn't know any spells.
Your spell library was empty.

Dungeon Overview and Level Annotations

Branches:
Dungeon (2/15)

Altars:
Xom

Annotations:
D:2 Natasha


Innate Abilities, Weirdness & Mutations

You are resistant to torment.
Your stone body is resilient. (AC +3)
You are immune to poison.
You resist negative energy. (rN+)
You are resistant to electric shocks. (rElec)
You can survive without breathing.
You are immune to petrification.
You are immune to rotting.


Message History

The magic dart hits you.
* * * LOW HITPOINT WARNING * * *
The shadow imp barely misses you.
You hit Natasha.
Natasha is lightly wounded.
Natasha claws you but does no damage.
The shadow imp hits you but does no damage.
Natasha stares at you and mumbles some strange words.
The magic dart hits you.
* * * LOW HITPOINT WARNING * * *
The shadow imp closely misses you.
You hit Natasha.
Natasha is heavily wounded.
Natasha closely misses you. You block the shadow imp's attack.
Natasha stares at you and mumbles some strange words.
The magic dart hits you.
* * * LOW HITPOINT WARNING * * *
The shadow imp gestures at you. Pain shoots through your body!
You die...

####.#... ########
#....#.## #.....>#
#....#.#. #......#
#......#. #......#
#......#. #......#
#.....## #.....?#
#.....#.
.#######......######+#(#.
.......h@5..†.'..)...(...
########......######.#...
###+#### #.#... #.#...
#.#..# #.#... #.##.#
#..<.. ..


You could see Natasha and a shadow imp.

Vanquished Creatures
  2 adders (D:2)
  An ooze (D:1)
  A leopard gecko (D:2)
  A ball python (D:1)
  A bat (D:1)
  2 giant cockroaches
  A goblin (D:2)
  4 hobgoblins (D:1)
  A frilled lizard (D:1)
  4 kobolds
  4 rats
22 creatures vanquished.

Notes
Turn   | Place    | Note
-------+----------+-------------------------------------------
     0 | D:1      | shadizar the Gargoyle Fighter began the quest for the Orb.
     0 | D:1      | Reached XP level 1. HP: 14/14 MP: 1/1
   125 | D:1      | Reached XP level 2. HP: 17/19 MP: 2/2
   483 | D:2      | Found a shimmering altar of Xom.
   550 | D:2      | Reached XP level 3. HP: 10/24 MP: 3/3
   680 | D:2      | Noticed Natasha
   691 | D:2      | Killed from afar by a shadow imp

Action                   || total
-------------------------++-------
Melee: Flail             ||   103
Armor: Scale mail        ||    71
Dodge: Dodged            ||    59
Block: Shield            ||    69
